 Dungeon Crawl Stone Soup version 0.20.1-1-g8b1a95d (webtiles) character file.

16 tidbits the Insei (level 2, -1/22 HPs)
             Began as a Demigod Transmuter on Aug 20, 2017.
             Slain by a gnoll
             ... wielding a +0 spear
              (5 damage)
             ... on level 2 of the Dungeon.
             The game lasted 00:02:37 (343 turns).

tidbits the Insei (Demigod Transmuter)               Turns: 343, Time: 00:02:38

Health: -1/22      AC:  2    Str: 13    XL:     2   Next: 27%
Magic:  2/7        EV: 12    Int: 17    God:
Gold:   26         SH:  0    Dex: 16    Spells: 1/4 levels left

rFire    . . .     SeeInvis .     - Unarmed
rCold    . . .     Gourm    +   (no shield)
rNeg     . . .     Faith    .   b - +0 robe
rPois    .         Spirit   .   (no helmet)
rElec    .         Reflect  .   (no cloak)
rCorr    .         Harm     .   (no gloves)
MR       .....                  (no boots)
Stlth    +.........             g - amulet of the gourmand
Regen    0.1/turn               (no ring)
MPRegen  0.1/turn               (no ring)

@: no status effects
A: high mp 1
a: no special abilities


You were on level 2 of the Dungeon.
You were not hungry.

You visited 1 branch of the dungeon, and saw 2 of its levels.

You collected 26 gold pieces.

Inventory:

Missiles
 a - 9 arrows
Armour
 b - a +0 robe (worn)
Jewellery
 g - an amulet of the gourmand (around neck)
   (You found it on level 1 of the Dungeon)
Scrolls
 m - a scroll of identify {unknown}
 n - a scroll of recharging {unknown}
Potions
 e - a potion of heal wounds {unknown}
 h - a potion of degeneration {unknown}
 j - 2 potions of might {unknown}
 k - a potion of haste {unknown}
 l - a potion of curing {unknown}
Books
 c - a book of Changes

   Spells                             Type                      Level
   a - Beastly Appendage              Transmutation                1
   b - Sticks to Snakes               Transmutation                2
   c - Spider Form                    Transmutation/Poison         3
   d - Ice Form                       Ice/Transmutation            4
   e - Blade Hands                    Transmutation                5
Comestibles
 d - a bread ration
 i - 2 meat rations


   Skills:
 - Level 0.8 Fighting
 - Level 1.7 Dodging
 + Level 3.4 Unarmed Combat
 - Level 1.7 Spellcasting
 - Level 1.7 Transmutations


You had one spell level left.
You knew the following spells:

 Your Spells              Type           Power        Failure   Level  Hunger
e - Beastly Appendage     Tmut           #.....       10%         1    #......
k - Sticks to Snakes      Tmut           #.......     14%         2    ###....


Dungeon Overview and Level Annotations

Branches:
Dungeon (2/15)


Innate Abilities, Weirdness & Mutations

You have an increased reservoir of magic. (+10% MP)


Message History

You hit the kobold.
You kill the kobold!
You have reached level 2!
You barely miss the rat. You headbutt the rat, but do no damage.
The rat misses you.
Your magical contamination has completely faded away.
You barely miss the rat. Your headbutt misses the rat. The rat bites you.
You closely miss the rat. The rat closely misses you.
You closely miss the rat. Your headbutt misses the rat. The rat bites you.
You hit the rat but do no damage. The rat bites you but does no damage.
You barely miss the rat.
Your transformation is almost over.
The rat completely misses you.
You hit the rat.
You kill the rat!
Memorise Sticks to Snakes, consuming 2 spell levels and leaving 1?
You start memorising the spell.
You continue memorising. x2
You finish memorising.
Spell assigned to 'k'.
Things that are here:
a short sword; a rat corpse Your horns disappear.
An adder comes into view.
A rat comes into view.
Casting: Beastly Appendage
Confirm with . or Enter, or press ? or * to list all spells.
Okay, then.
Casting: Beastly Appendage
Confirm with . or Enter, or press ? or * to list all spells.
You create a snake!
You now have 11 arrows.
The adder misses your adder.
Your adder misses the adder. The adder bites your adder.
Your adder is poisoned.
The adder poisons your adder!
Your adder bites the adder.
The adder is poisoned.
Your adder poisons the adder!
What are your orders? t - Shout!
Orders for allies: a - Attack new target. r - Retreat! s - Stop attacking. g - Guard the area. f - Follow me.
Anything else - Cancel.
Gang up on whom?
Press: ? - help, Dir - move target cursor, f - adder
Aim: an adder (lightly wounded, poisoned) Attack!
The adder misses your adder.
Your adder misses the adder. The adder closely misses your adder.
Your adder barely misses the adder.
The adder bites your adder.
Your adder closely misses the adder.
The adder completely misses your adder.
Your adder closely misses the adder.
The adder closely misses your adder.
Your adder misses the adder. The adder closely misses your adder.
Casting: Sticks to Snakes
Confirm with . or Enter, or press ? or * to list all spells.
You grow a pair of large bovine horns.
Your adder bites the adder.
The adder looks even sicker.
Your adder poisons the adder!
The adder bites your adder.
Your adder dies!
Casting: Beastly Appendage
Confirm with . or Enter, or press ? or * to list all spells.
You create a snake!
You now have 10 arrows.
Your transformation is almost over.
The adder misses you. The adder closely misses you. The adder misses you.
You closely miss the adder. Your headbutt misses the adder.
The adder is almost dead.
The adder dies!
All of the chunks of flesh in your inventory have rotted away.
You hit the rat. You headbutt the rat.
You kill the rat!
A gnoll comes into view. It is wielding a halberd.
You see here a rat corpse.
Casting: Sticks to Snakes
Confirm with . or Enter, or press ? or * to list all spells.
You create a snake!
You now have 9 arrows.
The gnoll shouts!
A gnoll comes into view. It is wielding a spear.
Your horns disappear.
The gnoll hits you with a halberd.
Found an escape hatch in the ceiling.
You hit the gnoll.
The gnoll is lightly wounded.
Your ball python bites the gnoll.
Your ball python grabs the gnoll.
Your ball python constricts the gnoll.
The gnoll hits you from afar with a spear.
* * * LOW HITPOINT WARNING * * *
The gnoll hits you but does no damage.
Your ball python releases its grip on the gnoll.
You barely miss the gnoll.
The gnoll is moderately wounded.
The gnoll completely misses you.
Your ball python bites the gnoll.
Your ball python grabs the gnoll.
Your ball python constricts the gnoll.
A gnoll comes into view. It is wielding a halberd.
You hit the gnoll.
The gnoll is severely wounded.
Your adder bites the gnoll but does no damage.
The gnoll hits you with a halberd.
* * * LOW HITPOINT WARNING * * *
Your ball python bites the gnoll.
Your ball python constricts the gnoll.
The gnoll moves out of view.
The gnoll hits you from afar with a spear.
You die...

.....)........+.....
..##.#.###.## #....#
#.##.#......# #....#
#.##.#.....## #....#
#.##.#.###### #....#
...#.#......###....#
...#.#.###.........+
##.....###.####.SS.#
###.#.....# #.@g.#
#.......# ####gg...<
###....## ......
#....# ..... #....#
g.... ....### ....
#.##.## .... # ##


You could see 3 gnolls, a friendly adder and a friendly ball python.

Vanquished Creatures
  2 bats (D:1)
  2 giant cockroaches (D:1)
  2 kobolds
  A ball python (D:2)
  4 rats
11 creatures vanquished.

Vanquished Creatures (collateral kills)
  An adder (D:2)
1 creature vanquished.

Grand Total: 12 creatures vanquished

Notes
Turn   | Place    | Note
-------+----------+-------------------------------------------
     0 | D:1      | tidbits the Demigod Transmuter began the quest for the Orb.
     0 | D:1      | Reached XP level 1. HP: 15/15 MP: 5/5
    60 | D:1      | Reached skill level 3 in Unarmed Combat
   286 | D:2      | Reached XP level 2. HP: 19/22 MP: 5/7
   297 | D:2      | Learned a level 2 spell: Sticks to Snakes
   343 | D:2      | Slain by a gnoll

Skill      XL: |  1 |
---------------+----+-----
Unarmed Combat | 3 |  3.4
Fighting       | |  0.8
Dodging        | |  1.7
Spellcasting   | |  1.7
Transmutations | |  1.7

Action                   || total
-------------------------++-------
Melee: Unarmed           ||    40
       Headbutt          ||     7
       Kick              ||     1
       Punch             ||     1
 Cast: Beastly Appendage ||     9
       Sticks to Snakes  ||     3
 Stab: Sleeping          ||     1
Armor: Robe              ||     6
Dodge: Dodged            ||    27

Table legend:
 A = Turns spent in this place as a percentage of turns spent in the entire game.
 B = Non-inter-level travel turns spent in this place as a percentage of non-inter-level travel turns spent in the entire game.
 C = Inter-level travel turns spent in this place as a percentage of turns spent in this place.
 D = Turns resting spent in this place as a percentage of non-inter-level travel turns spent in this place.
 E = Turns spent auto-exploring this place as a percentage of non-inter-level travel turns spent in this place.
 F = Non-inter-level travel turns spent in this place divided by the number of levels of this place that you've seen.
                   A       B       C       D       E      F
               +-------+-------+-------+-------+-------+----------------------
         Total | 100.0 | 100.0 |   0.0 |   0.0 |   0.0 | 160.0
       Dungeon | 100.0 | 100.0 |   0.0 |   0.0 |   0.0 | 160.0
               +-------+-------+-------+-------+-------+----------------------

Table legend:
 A = Kills in this place as a percentage of kills in entire the game.
 B = Kills by you in this place as a percentage of kills by you in the entire game.
 C = Kills by friends in this place as a percentage of kills by friends in the entire game.
 D = Other kills in this place as a percentage of other kills in the entire game.
 E = Experience gained in this place as a percentage of experience gained in the entire game.
 F = Experience gained in this place divided by the number of levels of this place that you have seen.
                   A       B       C       D       E      F
               +-------+-------+-------+-------+-------+----------------------
         Total | 100.0 | 100.0 | 100.0 |  -nan | 100.0 |  12.0
       Dungeon | 100.0 | 100.0 | 100.0 |  -nan | 100.0 |  12.0
               +-------+-------+-------+-------+-------+----------------------

Vault maps used:
D:1:      dpeg_arrival_lava_temple_mockup
D:2:      grunt_gozag_breadcrumbs, first_bread
